 Dungeon Crawl Stone Soup version 0.19-a0-1035-gdbfb0c6 (webtiles) character file.

71 poirepourri the Skirmisher (level 4, -6/42 HPs)
             Began as a Minotaur Fighter on July 29, 2016.
             Mangled by Sigmund
             ... wielding a +0 scythe
              (9 damage)
             ... on level 2 of the Dungeon.
             The game lasted 00:01:15 (929 turns).

poirepourri the Skirmisher (Minotaur Fighter)        Turns: 929, Time: 00:01:16

Health: -6/42      AC:  6    Str: 26    XL:     4   Next: 5%
Magic:  3/3        EV:  7    Int:  5    God:
Gold:   79         SH: 11    Dex: 10    Spells: 0 memorised, 3 levels left

rFire  . . .     SeeInvis .     a - +1 war axe
rCold  . . .     Gourm    .     b - +0 scale mail
rNeg   . . .     Faith    .     c - +1 shield
rPois  .         Spirit   .     (helmet restricted)
rElec  .         Dismiss  .     (no cloak)
rCorr  .         Reflect  .     (no gloves)
SustAt .         Harm     .     (no boots)
MR     .....                    (no amulet)
Stlth  ..........               (no ring)
                                (no ring)

@: mighty, not resistant to hostile enchantments, extremely unstealthy
A: retaliatory headbutt, horns 2
a: no special abilities


You were on level 2 of the Dungeon.
You were not hungry.

You visited 1 branch of the dungeon, and saw 2 of its levels.

You collected 79 gold pieces.

Inventory:

Hand Weapons
 a - a +1 war axe (weapon)
Armour
 b - a +0 scale mail (worn)
 c - a +1 shield (worn)
Scrolls
 e - a scroll of amnesia {unknown}
 i - a scroll of identify {unknown}
 k - a scroll of enchant armour
Potions
 j - a potion of brilliance {unknown}
Comestibles
 f - a bread ration
 g - a royal jelly
 h - 4 fruits


   Skills:
 + Level 5.0 Fighting
 + Level 3.9 Axes
 - Level 3.6 Armour
 - Level 3.6 Shields


You had 3 spell levels left.
You didn't know any spells.

Dungeon Overview and Level Annotations

Branches:
Dungeon (2/15)

Altars:

Annotations:
D:2 Sigmund


Innate Abilities, Weirdness & Mutations

You reflexively headbutt those who attack you in melee.
You have a pair of horns on your head.


Message History

a whip; 2 stones; the felid corpse of Natasha; a kobold corpse You barely miss Sigmund.
You headbutt Sigmund!
Sigmund is moderately wounded.
You block Sigmund's attack.
The rat moves out of view.
You barely miss Sigmund.
Sigmund is moderately wounded.
Sigmund gestures at you while chanting.
You are confused.
Sigmund casts a spell at you. The puff of flame hits you!
Sigmund hits you with a scythe.
You bump into the rock wall.
You bump into the rock wall.
Sigmund hits you with a scythe.
You bump into the rock wall.
Sigmund points at you and mumbles some strange words.
The puff of flame hits you!
* * * LOW HITPOINT WARNING * * *
You feel very mighty all of a sudden.
You feel less confused. Sigmund hits you with a scythe!
You die...

.#####.......##
........##.##.#
.######†#8.8#.. #####
#..........# ...#
#.##.#8.8###
#.#####.##.##.##
#..(.......##..#
#..###)#####.##.###.#
#...K@@# #.##.....#
#.##r### #.......##
#. ####.#### . #.. ..
### .. ...


You could see Sigmund, a kobold and a rat.

Vanquished Creatures
  Natasha (D:2)
  A worm (D:2)
  4 dart slugs
  5 bats
  A giant cockroach (D:2)
  3 goblins
  3 hobgoblins (D:1)
  4 jackals (D:1)
  4 kobolds
  A quokka (D:2)
  A ball python (D:2)
  2 giant newts
  5 rats
35 creatures vanquished.

Notes
Turn   | Place    | Note
-------+----------+-------------------------------------------
     0 | D:1      | poirepourri the Minotaur Fighter began the quest for the Orb.
     0 | D:1      | Reached XP level 1. HP: 19/19 MP: 0/0
    11 | D:1      | Reached skill level 4 in Fighting
   222 | D:1      | Reached XP level 2. HP: 22/27 MP: 1/1
   497 | D:1      | Reached XP level 3. HP: 34/34 MP: 2/2
   918 | D:2      | Noticed Natasha
   921 | D:2      | Noticed Sigmund
   921 | D:2      | Killed Natasha
   921 | D:2      | Reached skill level 5 in Fighting
   921 | D:2      | Reached XP level 4. HP: 27/42 MP: 3/3
   929 | D:2      | Mangled by Sigmund

Vault maps used:
D:1:      minmay_arrival_semitransparent
D:2:      first_bread, minmay_gold_behind_fungi, small_statue_intersection,
          uniq_natasha, uniq_sigmund

Skill      XL: |  1  2  3 |
---------------+----------+-----
Fighting       | 4 5 |  5.0
Axes           | 3 |  3.9
Armour         | |  3.6
Shields        | |  3.6

Action                   |  1- 3 |  4- 6 || total
-------------------------+-------+-------++-------
Melee: War axe           |    61 |     2 ||    63
       Headbutt          |    13 |     1 ||    14
  Use: Scroll            |     2 |       ||     2
       Potion            |       |     1 ||     1
Armor: Scale mail        |    36 |       ||    36
Dodge: Dodged            |    31 |       ||    31
Block: Shield            |    38 |     1 ||    39
